 Dungeon Crawl Stone Soup version 0.31-a0-424-g41b3b0883d (webtiles) character file.

Game seed: 1715570642645234437

51 Ethylacetat the Changeling (level 3, -1/23 HPs)
             Began as an Octopode Shapeshifter on July 30, 2023.
             Slain by an ice beast (2 damage)
             ... on level 3 of the Dungeon.
             The game lasted 00:03:43 (1253 turns).

Ethylacetat the Changeling (Octopode Shapeshifter)  Turns: 1253, Time: 00:03:43

Health: -1/23      AC:  1    Str: 14    XL:     3   Next: 83%
Magic:  3/3        EV: 13    Int: 18    God:
Gold:   88         SH:  0    Dex: 12    Spells: 2/2 levels left

rFire   . .          .
                       - Unarmed
rCold   + . .        (no shield)
rNeg    . . .        (helmet currently unavailable)
rPois   .            (no amulet)
rElec   .            f - +6 ring of intelligence
rCorr   .            h - ring of protection from cold
SInv    .            (no ring)
Will    .....        (no ring)
Stlth   ++           (no ring)
HPRegen 0.23/turn    (no ring)
MPRegen 0.08/turn    (no ring)
                     (no ring)

%: no passive effects
@: beast-form
A: beast (slay +2), almost no armour, amphibious, 8 rings, camouflage 1,
gelatinous body 1, (nimble swimmer 1), tentacles
a: Begin Untransformation


You were on level 3 of the Dungeon.
You were a hulking beast.
You visited 1 branch of the dungeon, and saw 3 of its levels.

You collected 88 gold pieces.

Inventory:

Jewellery
 f - a +6 ring of intelligence (left tentacle)
 h - a ring of protection from cold (right tentacle)
Talismans
 b - a beast talisman (active)
Scrolls
 c - a scroll of enchant weapon {unknown}
 g - a scroll of enchant armour {unknown}
 j - a scroll of identify {unknown}
 k - a scroll of blinking {unknown}
 l - a scroll of teleportation {unknown}
 o - 2 scrolls of immolation {unknown}
Potions
 a - a potion of lignification
 d - 2 potions of haste {unknown}
 e - a potion of ambrosia {unknown}
 i - a potion of attraction {unknown}
 m - a potion of curing {unknown}
 n - 2 potions of enlightenment {unknown}


   Skills:
 - Level 1.0 Fighting
 - Level 2.0 Dodging
 - Level 3.0 Unarmed Combat
 + Level 4.2 Shapeshifting


You had 2 spell levels left.
You didn't know any spells.
Your spell library was empty.

Dungeon Overview and Level Annotations

Branches:
Dungeon (3/15)

Altars:
Fedhas
Hepliaklqana


Innate Abilities, Weirdness & Mutations

You are a hulking beast.
Your limbs bulge with bestial killing power. (Slay +2)
You cannot wear most types of armour.
You are amphibious.
You can wear up to eight rings at the same time.
Your skin changes colour to match your surroundings (Stealth+).
Your rubbery body absorbs attacks. (AC +1, EV +1)
((You are camouflaged when in or above water. (Stealth+)))
You have tentacles for arms and can constrict up to eight enemies at once.


Message History

You kill the frilled lizard!
No target in view!
A frilled lizard comes into view.
You see here a scroll labelled UROCAA ZOTZO.
The frilled lizard hisses angrily.
You tentacle-slap the frilled lizard.
You kill the frilled lizard!
No target in view!
No target in view!
o - a scroll labelled UROCAA ZOTZO No target in view!
No target in view!
Found a blossoming altar of Fedhas.
No target in view!
No target in view!
No target in view!
There is a blossoming altar of Fedhas here.
o - 2 scrolls labelled UROCAA ZOTZO (gained 1)
Found a robe.
No target in view!
No target in view!
No target in view!
An ice beast comes into view.
Found 9 gold pieces.
An adder comes into view.
The ice beast misses you.
You barely miss the ice beast. The ice beast closely misses you.
You closely miss the ice beast. The ice beast hits you.
The ice beast freezes you!
h - a ring of protection from cold (right tentacle)
The ice beast closely misses you.
You tentacle-slap the ice beast.
The ice beast is moderately wounded.
The ice beast hits you. The ice beast freezes you. You resist.
* * * LOW HITPOINT WARNING * * *
The ice beast attacks as you move away! The ice beast closely misses you.
The ice beast attacks as you move away! The ice beast hits you.
* * * LOW HITPOINT WARNING * * *
The ice beast freezes you. You resist.
You die...

..... ....... . #...#
#.....##..
#######..#####$.....S
.............#.....#
.............##....#
.............##S#
........[.....#.#
######.#.....Y.#
#........###h###
#..........#..#
#........#.##.#
#........#.##.#
#.............#
#.............#####.#
#.................#.#
#.............# #.#.#
##.............###.#.#


You could see an ice beast and an adder.

Vanquished Creatures
  A dart slug (D:1)
  3 endoplasms
  2 giant cockroaches
  6 goblins
  4 hobgoblins
  3 jackals (D:2)
  3 kobolds
  2 quokkas (D:1)
  5 ball pythons
  7 bats
  4 frilled lizards
  6 rats
46 creatures vanquished.

Notes
Turn   | Place    | Note
-------+----------+-------------------------------------------
     0 | D:1      | Ethylacetat the Octopode Shapeshifter began the quest for
                  | the Orb.
     0 | D:1      | Reached XP level 1. HP: 13/13 MP: 1/1
   193 | D:1      | Reached XP level 2. HP: 18/18 MP: 2/2
   238 | D:1      | Found a faded altar of an unknown god.
   354 | D:1      | Reached XP level 3. HP: 23/23 MP: 3/3
   654 | D:2      | Found a hazy altar of Hepliaklqana.
   716 | D:2      | Reached skill level 4 in Shapeshifting
  1209 | D:3      | Found a blossoming altar of Fedhas.
  1243 | D:3      | Noticed an ice beast
  1253 | D:3      | HP: 1/23 [ice beast (2)]
  1253 | D:3      | Slain by an ice beast

Illustrated notes

Levels and vault maps discovered:
D:1:      minmay_arrival_nine_rooms, layout_basic, basic_ecumenical_altar,
          minmay_crystal_room
D:2:      layout_rooms, basic_altar, kennysheep_cluttered_room,
          minmay_misc_feat_enclosed, dreamdust_mushroom_princess
D:3:      layout_basic, fedhas_altar_4, amcnicky_mini_corridor_feature,
          minivault_5

Skill      XL: |  1  2  3 |
---------------+----------+-----
Shapeshifting  | 4 |  4.2
Fighting       | |  1.0
Dodging        | |  2.0
Unarmed Combat | |  3.0

Action                     || total
---------------------------++-------
  Melee: Unarmed           ||    67
         Constrict         ||    14
         Tentacles         ||     8
         Punch             ||     3
   Stab: Sleeping          ||     6
 Armour: Skin              ||     9
  Dodge: Dodged            ||    38

Table legend: (Time is in decaauts)
 A = Elapsed time spent in this place.
 B = Non-inter-level travel time spent in this place.
 C = Inter-level travel time spent in this place.
 D = Time resting spent in this place.
 E = Time spent auto-exploring this place.
 F = Levels seen in this place.
 G = Mean time per level.
                   A        B        C        D        E       F      G
               +--------+--------+--------+--------+--------+-----+--------+
         Total |   1247 |   1144 |    103 |      0 |    799 |   3 |  415.7 |
       Dungeon |   1247 |   1144 |    103 |      0 |    799 |   3 |  415.7 |
               +--------+--------+--------+--------+--------+-----+--------+

Top non-repeatable levels by time:
     D:1: 630 daAuts
     D:2: 513 daAuts
     D:3: 103 daAuts
